 Dungeon Crawl Stone Soup version 0.21.1-1-g345015f (webtiles) character file.

1264 beigtais the Chopper (level 8, -5/61 HPs)
             Began as a Demonspawn Fighter on July 23, 2018.
             Was an Initiate of Trog.
             Slain by an orc warrior
             ... wielding a +0 halberd
              (12 damage)
             ... on level 5 of the Dungeon.
             The game lasted 00:32:22 (7028 turns).

beigtais the Chopper (Demonspawn Fighter)           Turns: 7028, Time: 00:32:23

Health: -5/61      AC: 13    Str: 17    XL:     8   Next: 27%
Magic:  8/8        EV:  4    Int:  9    God:    Trog [......]
Gold:   279        SH:  9    Dex: 15    Spells: 7/7 levels left

rFire    . . .     SeeInvis .   a - +1 war axe
rCold    . . .     Gourm    .   c - +0 shield
rNeg     . . .     Faith    .   d - +0 plate armour
rPois    .         Spirit   .   (no helmet)
rElec    .         Reflect  .   (no cloak)
rCorr    .         Harm     .   j - +0 pair of gloves
MR       .....                  (no boots)
Stlth    ..........             (no amulet)
HPRegen  0.20/turn              (no ring)
MPRegen  0.11/turn              (no ring)

@: no status effects
A: talons 2, spiny 2
a: Burn Spellbooks, Renounce Religion


You were on level 5 of the Dungeon.
You worshipped Trog.
Trog was noncommittal.
You were not hungry.

You visited 2 branches of the dungeon, and saw 7 of its levels.
You also visited: Sewer.

You collected 399 gold pieces.
You spent 120 gold pieces at shops.

Inventory:

Hand Weapons
 a - a +1 war axe (weapon)
Missiles
 e - 223 stones (quivered)
Armour
 c - a +0 shield (worn)
 d - a +0 plate armour (worn)
 j - a +0 pair of gloves (worn)
Scrolls
 l - 2 scrolls of remove curse
 p - 2 scrolls of magic mapping
Potions
 h - 4 potions of curing
 k - 4 potions of flight
 n - a potion of lignification
Comestibles
 b - 3 chunks of flesh
 f - 9 rations


   Skills:
 * Level 4.4 Fighting
 * Level 5.6 Axes
 * Level 2.8 Throwing
 * Level 4.6 Armour
 + Level 2.8 Dodging
 + Level 0.5 Stealth
 * Level 4.0 Shields


You had 7 spell levels left.
You didn't know any spells.

Dungeon Overview and Level Annotations

Branches:
Dungeon (6/15)             Temple (1/1) D:6

Altars:
Cheibriados
Dithmenos
Elyvilon
Fedhas
Gozag
Hepliaklqana
Nemelex Xobeh
Okawaru
Qazlal
Ru
Sif Muna
Trog
Uskayaw
Wu Jian
Xom
The Shining One

Shops:
D:4 !

Annotations:
D:6 Ymberto's ghost, novice HuHu


Innate Abilities, Weirdness & Mutations

You have razor-sharp toenails.
You are mostly covered in sharp spines.


Message History

The orc warrior is moderately wounded.
You block the orc warrior's attack.
You closely miss the orc warrior.
You claw the orc warrior, but do no damage.
The orc warrior is moderately wounded.
The orc warrior is struck by your spines.
The orc warrior hits you with a halberd!!
The orc warrior barely misses you.
Okay, then.
Okay, then.
The orc warrior hits you from afar with a halberd.
You hit the orc warrior but do no damage.
You claw the orc warrior.
The orc warrior is moderately wounded.
The orc warrior hits you with a halberd!
* * * LOW HITPOINT WARNING * * *
You hit the orc warrior but do no damage.
The orc warrior is moderately wounded.
The orc warrior hits you with a halberd!
You die...

######.# #.....# ######
.....#.######### #.....# #.....
...............# #.....# #.###.
.....#.##......# #.....# #.#...
.....#.##......###.....#####.#.##
.....#.##.....)..............#.#
.....#.##......###.....#######.##
###.##.################# #.....
................@o...## #.#.##
.......####...######..######.#.##
.......................>.........
##..##...##...######....#########
#..##.#.##)..# #.............
#..##.#.##...# #....#########
##.......##...# #....#
###.##...######## ##...#
###.###..#......######..#


You could see an orc warrior.

Vanquished Creatures
  The ghost of Labyrinth the Firebug, an amateur DrFE of Vehumet (D:5)
  An orc warrior (D:5)
  A phantom (D:4)
  2 ogres (D:5)
  A big kobold (Sewer)
  The ghost of Jaiteiro the Shield-Bearer, a weakling TrFi (D:3)
  A crimson imp (D:5)
  A jelly (D:5)
  4 iguanas
  Terence (D:3)
  3 orc wizards
  2 worker ants (D:4)
  A hound zombie (D:5)
  7 gnolls
  2 adders (D:2)
  3 river rats
  An ooze (D:2)
  An adder zombie (D:6)
  A worm (D:3)
  A dart slug (D:4)
  5 leopard geckos
  15 orcs
  4 ball pythons
  13 giant cockroaches
  10 goblins
  10 hobgoblins
  11 jackals
  A quokka (D:2)
  9 bats
  5 frilled lizards
  A giant cockroach zombie (D:5)
  A jackal skeleton (D:4)
  15 kobolds
  7 rats
143 creatures vanquished.

Notes
Turn   | Place    | Note
-------+----------+-------------------------------------------
     0 | D:1      | beigtais the Demonspawn Fighter began the quest for the Orb.
     0 | D:1      | Reached XP level 1. HP: 18/18 MP: 1/1
    80 | D:1      | Gained mutation: You are partially covered in sharp spines. [demonic ancestry]
    80 | D:1      | Reached XP level 2. HP: 23/24 MP: 2/2
   296 | D:1      | Reached skill level 2 in Axes
   613 | D:1      | Reached XP level 3. HP: 29/29 MP: 3/3
   741 | D:2      | HP: 1/29 [gnoll/halberd (14)]
  1368 | D:2      | Reached skill level 1 in Dodging
  1368 | D:2      | Gained mutation: You are mostly covered in sharp spines. [demonic ancestry]
  1368 | D:2      | Reached XP level 4. HP: 29/35 MP: 4/4
  1492 | D:2      | Reached skill level 1 in Throwing
  1854 | D:2      | Found a glowing golden altar of the Shining One.
  1860 | D:2      | Found a shadowy altar of Dithmenos.
  1997 | D:2      | Found a sacrificial altar of Ru.
  2167 | D:2      | Found a deep blue altar of Sif Muna.
  2293 | D:3      | Noticed Jaiteiro's ghost (weakling TrFi)
  2311 | D:3      | Killed Jaiteiro's ghost
  2311 | D:3      | Gained mutation: You have sharp toenails. [demonic ancestry]
  2311 | D:3      | Reached XP level 5. HP: 41/42 MP: 5/5
  2519 | D:3      | Found a glowing drain.
  2534 | Sewer    | Entered a sewer
  2541 | Sewer    | Reached skill level 3 in Axes
  2668 | Sewer    | Reached XP level 6. HP: 48/48 MP: 6/6
  2686 | Sewer    | Found a white marble altar of Elyvilon.
  2769 | D:3      | Noticed Terence
  2776 | D:3      | Killed Terence
  3451 | D:4      | Got a pitted spear
  3452 | D:4      | Identified the cursed +1 spear "Laminn" {drain, rF+ MR+} (You found it on level 4 of the Dungeon)
  3474 | D:4      | Found Wysif Qixeym's Distillery.
  3477 | D:4      | Bought a potion of might for 48 gold pieces
  3477 | D:4      | Bought 2 potions of curing for 72 gold pieces
  4165 | D:5      | Entered Level 5 of the Dungeon
  4212 | D:5      | Reached skill level 4 in Axes
  4411 | D:5      | Noticed Labyrinth's ghost (amateur DrFE)
  4502 | D:4      | Gained mutation: You have razor-sharp toenails. [demonic ancestry]
  4502 | D:4      | Reached XP level 7. HP: 32/54 MP: 7/7
  4635 | D:5      | Killed Labyrinth's ghost
  4932 | D:5      | Reached skill level 5 in Axes
  5102 | D:5      | Reached XP level 8. HP: 61/61 MP: 8/8
  5455 | D:6      | Found a staircase to the Ecumenical Temple.
  6075 | D:6      | Noticed Ymberto's ghost (novice HuHu)
  6078 | Temple   | Entered the Ecumenical Temple
  6124 | Temple   | Became a worshipper of Trog the Wrathful
  7028 | D:5      | Slain by an orc warrior

Skill      XL: |  1  2  3  4  5  6  7 |
---------------+----------------------+-----
Shields        | 3 4 |  4.0
Axes           | 2 3 4 5 |  5.6
Armour         | 3 4 |  4.6
Dodging        | 1 2 |  2.8
Throwing       | 1 2 |  2.8
Fighting       | 4 |  4.4
Stealth        | |  0.5

Action                   |  1- 3 |  4- 6 |  7- 9 || total
-------------------------+-------+-------+-------++-------
Melee: War axe           |    98 |   129 |   115 ||   342
       Kick              |       |    24 |    32 ||    56
Throw: Stone             |    10 |     8 |     4 ||    22
       Tomahawk          |       |       |    12 ||    12
  Use: Scroll            |     5 |     7 |     4 ||    16
       Potion            |     2 |     5 |     4 ||    11
 Stab: Invisible         |       |       |     2 ||     2
  Eat: Chunk             |     2 |     8 |     4 ||    14
       Ration            |       |     1 |     1 ||     2
Armor: Scale mail        |    47 |    43 |       ||    90
       Plate armour      |       |       |    51 ||    51
Dodge: Dodged            |    40 |    41 |    19 ||   100
Block: Shield            |    75 |    57 |    49 ||   181
